Map: Jagannatha LE

Players

TheShredder - Winner!

  • Race: Terran Terran
  • League: Diamond

MajorSharpe

  • Race: Zerg Zerg

VOD

Have the link to the VOD?

Description

Time

  • Played on: July 10, 2021, 6:28 a.m.
  • Length: 22:41
Show
View Real Time Build Order
Export as new Build Order

TheShredder Terran - Winner!

Build Orders:  

Get SALT Encoding   

  12  0:03  SCV  
  13  0:21  SCV  
  13  0:22  Supply Depot  
  14  0:33  SCV  
  15  0:37  Refinery  
  15  0:45  Supply Depot  
  15  1:04  Barracks  
  15  1:07  SCV  
  16  1:23  Barracks  
  16  1:29  SCV  
  17  1:41  SCV  
  18  1:54  Reaper  
  18  1:55  Supply Depot  
  18  1:59  SCV  
  20  2:15  Engineering Bay  
  20  2:20  Reaper  
  21  2:25  Refinery  
  21  2:27  Reaper  
  22  2:52  Reaper, Bunker  
  22  2:59  Reaper  
  23  3:21  Orbital Command  
  23  3:24  Reaper  
  24  3:31  Reaper  
  25  3:54  Factory  
  25  3:56  Command Center  
  23  4:51  Factory, Factory Reactor  
  24  5:00  SCV  
  24  5:02  Marine  
  25  5:08  Supply Depot  
  25  5:12  SCV  
  26  5:20  Marine  
  27  5:24  SCV  
  27  5:25  Engineering Bay  
  28  5:37  Marine  
  29  5:55  Marine  
  29  5:56  Factory Reactor  
  30  6:06  Hellion x2  
  30  6:09  SCV  
  30  6:10  Starport, Planetary Fortress  
  35  6:21  SCV  
  35  6:27  Hellion  
  35  6:33  SCV  
  35  6:38  Hellion x3  
  40  6:47  SCV x2  
  44  6:55  Starport  
  44  6:59  SCV x2  
  48  7:11  SCV x2  
  46  7:16  Armory  
  46  7:17  Widow Mine x2  
  46  7:20  Supply Depot  
  50  7:23  SCV  
  50  7:25  Refinery  
  50  7:29  SCV  
  52  7:30  Refinery  
  52  7:35  Widow Mine  
  54  7:48  Starport Tech Lab x2  
  54  7:53  Supply Depot  
  54  7:58  Widow Mine x2  
  42  8:36  SCV x2  
  44  8:47  Raven x2  
  44  8:48  SCV x2  
  50  9:00  SCV x2  
  52  9:12  SCV x2  
  52  9:13  Corvid Reactor  
  54  9:21  Widow Mine x3  
  60  9:24  SCV x2  
  60  9:30  Raven x2  
  66  9:36  SCV x2  
  68  9:42  Widow Mine  
  70  9:55  Supply Depot  
  70  9:58  Supply Depot  
  70  10:03  Supply Depot  
  70  10:17  Raven, SCV x2, Widow Mine  
  80  10:26  Widow Mine  
  80  10:27  Raven  
  80  10:29  SCV x2  
  82  10:40  Starport  
  82  10:41  SCV x2  
  84  10:43  Command Center  
  84  10:53  SCV x2  
  88  10:57  Hellion x3  
  88  10:58  Hellion  
  94  11:10  Raven  
  94  11:34  Starport Tech Lab  
  94  11:39  Raven, Hellion x3  
  102  11:40  Supply Depot x2  
  102  11:42  Supply Depot  
  102  11:43  Missile Turret  
  102  11:54  Raven, SCV  
  102  11:55  Hellion  
  102  12:01  Hellion x2  
  111  12:04  Hellion  
  113  12:08  Raven  
  113  12:12  Missile Turret  
  115  12:16  Hellion  
  115  12:17  Supply Depot  
  115  12:21  Supply Depot  
  115  12:22  Raven, Hellion  
  121  12:24  Command Center  
  117  12:45  Raven  
  119  13:03  Hellion x4  
  119  13:04  Raven  
  135  13:28  Raven  
  129  13:44  Widow Mine x4  
  129  13:47  Raven  
  129  13:48  Missile Turret x2  
  123  13:49  Missile Turret  
  119  14:05  Widow Mine  
  119  14:06  Widow Mine x2  
  119  14:37  Fusion Core  
  117  14:45  Widow Mine x4  
  123  15:06  Widow Mine  
  107  15:22  Planetary Fortress  
  103  15:46  Battlecruiser x2  
  109  16:14  Missile Turret  
  115  16:18  Battlecruiser  
  115  16:24  Widow Mine x4  
  123  16:37  SCV x2, Missile Turret  
  125  16:44  Command Center  
  125  16:49  SCV x2  
  125  16:50  Battlecruiser  
  133  17:01  SCV  
  133  17:07  Planetary Fortress  
  134  17:10  Refinery  
  134  17:11  Refinery  
  134  17:18  Missile Turret  
  134  17:31  Missile Turret  
  134  17:32  Hellion  
  134  17:33  Hellion x3  
  142  17:45  Battlecruiser  
  148  17:54  Hellion x4  
  151  18:11  Missile Turret  
  151  18:13  Missile Turret  
  151  18:15  Hellion  
  151  18:46  Widow Mine  
  151  18:47  Widow Mine x3  
  157  19:08  Widow Mine x4  
  140  20:17  SCV x2  
  142  20:23  Command Center  
  142  20:28  Command Center  
  142  20:29  SCV x2  
  144  20:41  SCV  
  144  20:42  SCV  
Show
View Real Time Build Order
Export as new Build Order

MajorSharpe Zerg 

Build Orders: Hatch First 

Get SALT Encoding   

  12  0:00  Drone  
  13  0:13  Overlord  
  13  0:19  Drone  
  14  0:33  Drone x2  
  16  1:03  Drone x2  
  18  1:06  Extractor  
  17  1:19  Hatchery  
  16  1:29  Spawning Pool, Drone x2  
  16  1:31  Drone  
  18  1:44  Drone  
  19  1:55  Overlord  
  19  2:23  Queen  
  19  2:27  Zergling x6  
  24  2:37  Queen, Zergling x2  
  24  2:40  Metabolic Boost  
  26  2:55  Zergling x8  
  30  3:00  Drone  
  28  3:20  Queen  
  28  3:21  Queen  
  31  3:31  Drone x2  
  31  3:32  Drone x3  
  34  3:51  Drone x2  
  34  3:53  Overlord x2  
  34  4:10  Queen  
  35  4:22  Zergling x2  
  35  4:23  Zergling x16  
  38  4:36  Evolution Chamber  
  34  4:46  Queen  
  36  4:57  Drone  
  36  4:58  Drone x5  
  42  5:07  Drone x2  
  44  5:18  Queen  
  46  5:23  Zerg Melee Weapons Level 1  
  45  5:32  Drone  
  45  5:33  Drone x4  
  43  6:02  Roach Warren  
  42  6:05  Zergling x12  
  40  6:28  Drone x4  
  39  6:43  Lair  
  39  6:46  Roach x2  
  39  6:47  Roach x4  
  51  6:58  Overlord  
  51  6:59  Overlord  
  51  7:01  Hatchery  
  51  7:06  Roach  
  52  7:19  Drone  
  52  7:20  Drone x4  
  57  7:36  Drone x2  
  59  7:49  Drone x8  
  67  7:54  Spore Crawler  
  67  7:57  Spine Crawler  
  59  8:18  Drone x4  
  59  8:19  Drone  
  48  8:36  Drone x10  
  52  8:42  Extractor  
  52  8:47  Extractor  
  48  9:00  Drone x10  
  58  9:17  Pneumatized Carapace, Spine Crawler  
  58  9:18  Burrow  
  58  9:21  Drone x4  
  58  9:22  Drone x2  
  63  9:25  Extractor  
  63  9:27  Glial Reconstitution  
  63  9:28  Extractor  
  61  9:44  Overlord x2  
  61  9:45  Extractor  
  61  9:47  Roach  
  61  9:48  Roach x4  
  70  10:13  Queen  
  70  10:14  Queen, Hatchery  
  72  10:18  Overlord x2  
  72  10:21  Overseer x3  
  73  10:23  Overseer  
  73  10:26  Roach x2  
  77  10:29  Queen  
  79  10:53  Zerg Missile Weapons Level 1  
  77  11:27  Spire  
  77  11:30  Drone  
  77  11:31  Drone x2  
  77  12:16  Overlord x2  
  77  12:17  Overlord x4  
  77  12:22  Spore Crawler  
  77  12:25  Spore Crawler  
  77  12:27  Drone x3  
  77  12:28  Drone  
  75  12:31  Drone  
  75  12:32  Drone x12  
  75  12:36  Extractor  
  81  12:47  Zerg Melee Weapons Level 2  
  81  12:50  Zerg Flyer Weapons Level 1, Mutalisk  
  81  12:51  Mutalisk x19  
  83  12:57  Zergling x8  
  123  13:18  Extractor  
  114  13:56  Roach x6  
  114  13:57  Roach x9  
  130  14:14  Mutalisk x7  
  130  14:15  Mutalisk x4  
  128  14:34  Drone  
  128  14:35  Drone x15  
  144  14:44  Overlord  
  144  14:45  Overlord  
  143  14:54  Overlord x2  
  143  14:58  Zerg Flyer Armor Level 1  
  143  15:02  Queen  
  143  15:03  Zerg Missile Weapons Level 2  
  115  15:21  Mutalisk  
  115  15:22  Mutalisk x7  
  119  15:57  Drone  
  119  15:58  Drone x5  
  109  16:13  Mutalisk  
  109  16:14  Mutalisk x7  
  127  16:40  Roach x10  
  127  16:41  Roach x5  
  155  16:50  Hatchery  
  155  16:52  Overlord x4  
  155  16:53  Overlord  
  154  17:03  Hydralisk Den  
  154  17:04  Infestation Pit  
  150  17:19  Zerg Ground Armor Level 1  
  150  17:27  Queen  
  152  17:44  Evolution Chamber  
  152  17:47  Hive, Spire  
  150  18:02  Queen  
  136  18:22  Corruptor  
  136  18:23  Corruptor x11  
  151  18:39  Drone x7  
  151  18:40  Drone x6  
  162  18:49  Overseer x2  
  103  19:38  Drone  
  83  19:39  Drone x10  
  92  19:48  Mutalisk  
  89  20:05  Hatchery  
  88  20:24  Zerg Ground Armor Level 2, Hydralisk Den  
  88  20:25  Hatchery  
  54  20:56  Mutalisk x5  
  54  20:57  Mutalisk x6  
Tags
 
Add a new tag
Caveats
  • Supply blocks, unpowered buildings, or Contaminate may cause inaccurate times.
  • Supply counts are checked every 10 seconds.